 Dungeon Crawl Stone Soup version 0.11.0-9-gb634444 (webtiles) character file.

325 DunwichHorror the Insei (level 6, -9/39 HPs)
             Began as an Octopode Transmuter on Dec 15, 2012.
             Was a Follower of Makhleb.
             Mangled by an ogre
             ... wielding a +0,+0 giant club
              (25 damage)
             ... on Level 3 of the Dungeon.
             The game lasted 00:42:44 (5791 turns).

DunwichHorror the Insei (Octopode Transmuter)       Turns: 5791, Time: 00:42:44

HP  -9/39        AC  2     Str  9      XL: 6   Next: 23%
MP  10/10        EV 12     Int 17      God: Makhleb [*.....]
Gold 52          SH  0     Dex 13      Spells:  2 memorised,  7 levels left

Res.Fire  : . . .   See Invis. : .   y - +0,+1 dagger (venom)
Res.Cold  : . . .   Warding    : .   (no shield)
Life Prot.: + . .   Conserve   : .   w - +1 wizard hat
Res.Poison: .       Res.Corr.  : .   (no amulet)
Res.Elec. : .       Clarity    : .   n - ring of life protection
Sust.Abil.: . .     Spirit.Shd : .   (no ring)
Res.Mut.  : .       Stasis     : .   (no ring)
Res.Rott. : .       Ctrl.Telep.: .   (no ring)
Saprovore : . . .   Levitation : .   (no ring) Ctrl.Flight: .
                                     (no ring)
                                     (no ring)
                                     (no ring)

@: appendage, slightly resistant to hostile enchantments, stealthy
A: almost no armour, amphibious, 8 rings, constrict 8, spike 3, camouflage 1, AC
+1
a: End Transformation, Renounce Religion


You were on level 3 of the Dungeon.
You worshipped Makhleb.
Makhleb was pleased with you.
You were not hungry.
One of your tentacles had a temporary spike.
You visited 2 branches of the dungeon, and saw 6 of its levels.

You collected 122 gold pieces.
You spent 90 gold pieces at shops.

Inventory:

Hand weapons
 y - a +0,+1 dagger of venom (weapon)
Missiles
 b - 12 arrows
 k - 16 darts (quivered)
Armour
 w - a +1 wizard hat (worn)
Comestibles
 a - 2 bread rations
 g - 2 meat rations
 h - 2 pears
 u - a rotting chunk of bat flesh
 x - 2 chunks of hobgoblin flesh
Scrolls
 e - a scroll of enchant weapon I {unknown}
 f - 2 scrolls of enchant weapon II
 j - 5 scrolls of remove curse {unknown}
 o - a scroll of recharging {unknown}
 s - a scroll of teleportation {unknown}
 t - a scroll of blinking {unknown}
 v - a scroll of fog {unknown}
Jewellery
 n - a ring of life protection (left tentacle)
Potions
 c - a potion of degeneration {unknown}
 i - a potion of speed {unknown}
 l - a potion of magic {unknown}
 m - 2 potions of restore abilities {unknown}
 p - a potion of curing
 q - a potion of brilliance {unknown}
 r - a potion of heal wounds
Books
 d - a book of Changes

   Spells                             Type                      Level
   *Beastly Appendage                 Transmutation                1
   Sticks to Snakes                   Transmutation                2
   *Spider Form                       Transmutation/Poison         3
   Ice Form                           Ice/Transmutation            4
   Blade Hands                        Transmutation                5


   Skills:
 - Level 2,0 Fighting
 - Level 2,0 Dodging
 + Level 1,2 Stealth
 - Level 4,0 Unarmed Combat
 + Level 3,2 Spellcasting
 * Level 4,0 Transmutations
 - Level 2,0 Poison Magic


You had 7 spell levels left.
You knew the following spells:

 Your Spells              Type           Power        Failure   Level  Hunger
a - Beastly Appendage     Trmt           ####...      3%          1    None
b - Spider Form           Trmt/Pois      ###.......   17%         3    ###....


Dungeon Overview and Level Annotations

Branches:
Dungeon (5/27)             Temple (1/1) D:4

Altars:
Cheibriados
Elyvilon
Fedhas
Kikubaaqudgha
Makhleb
Nemelex Xobeh
Okawaru
Trog
Vehumet
Xom
Yredelemnul
Zin
the Shining One

Shops:
D:4: !


Innate Abilities, Weirdness & Mutations

You cannot wear most types of armour.
You are amphibious.
You can wear up to eight rings at the same time.*
You can use your tentacles to constrict many enemies at once.*
Your skin changes colour to match your surroundings (Stlth).*
Your rubbery body absorbs attacks (AC +1).*
One of your tentacles bears a large vicious spike.*


Message History

The ogre is lightly wounded.
The ogre completely misses you. The bat closely misses you.
Drink which item? (? for menu, Esc to quit)
You feel much better. The rat barely misses you.
You closely miss the rat. You grab the rat. You squeeze the rat.
The rat is severely wounded.
You constrict the rat.
You kill the rat!
Makhleb accepts your kill.
You barely miss the ogre.
You pierce the ogre.
You squeeze the ogre.
The ogre is heavily wounded.
The ogre misses you.
You hit the ogre.
The ogre is heavily wounded.
The ogre hits you with a giant club!
You barely miss the ogre.
The ogre is severely wounded.
The ogre hits you with a giant club!
Ouch! That really hurt!
You die...

. .##### .# ....... ..##
....... ..... .......
....# ..>.....#####....#
.......bO@.....#
........###.############
####### #............#
##.........#.# ######
#..#####..#.# ......#
#..#??$#..#.# #......#
#..#!?[#..#.# #......#
#..#$?(#..#.# #......#
#..#####..#.#


You could see an ogre and a bat.

Vanquished Creatures
  Sigmund (D:3)
  A hound (D:4)
  A big fish (D:4)
  5 adders
  A worm (D:2)
  A bat skeleton (D:4)
  An ooze (D:1)
  An orc (D:3)
  5 giant cockroaches
  9 goblins
  9 hobgoblins
  A quokka (D:3)
  15 bats
  4 giant geckos
  6 giant newts
  2 jackals (D:2)
  12 kobolds
  An orc skeleton (D:4)
  12 rats
  A toadstool (D:2)
89 creatures vanquished.

Vanquished Creatures (others)
  A human (D:4)
  3 goblins
  A rat (D:1)
  3 toadstools (D:1)
8 creatures vanquished.

Grand Total: 97 creatures vanquished

Notes
Turn   | Place    | Note
--------------------------------------------------------------
     0 | D:1      | DunwichHorror, the Octopode Transmuter, began the quest for the Orb.
     0 | D:1      | Reached XP level 1. HP: 13/13 MP: 1/1
   459 | D:1      | Reached XP level 2. HP: 15/18 MP: 0/3
  1362 | D:1      | Reached XP level 3. HP: 21/23 MP: 2/4
  2149 | D:2      | Learned a level 3 spell: Spider Form
  2841 | D:2      | Reached XP level 4. HP: 29/29 MP: 4/6
  4077 | D:3      | Found a glowing silver altar of Zin.
  4099 | D:3      | Noticed Sigmund
  4225 | D:4      | Reached skill level 1 in Poison Magic
  4445 | D:4      | Found a staircase to the Ecumenical Temple.
  4452 | D:4      | Reached XP level 5. HP: 34/34 MP: 8/8
  4461 | D:4      | Found Larphyost's Distillery.
  4467 | Temple   | Entered the Ecumenical Temple
  4635 | Temple   | Became a worshipper of Makhleb the Destroyer
  4674 | D:4      | Bought a potion of curing for 20 gold pieces
  4674 | D:4      | Bought a potion of heal wounds for 30 gold pieces
  4675 | D:4      | Bought a potion of heal wounds for 30 gold pieces
  4675 | D:4      | Bought a potion of slowing for 10 gold pieces
  5001 | D:4      | Found an ancient bone altar of Kikubaaqudgha.
  5004 | D:4      | Noticed a human
  5005 | D:4      | Killed a human
  5178 | D:5      | Entered Level 5 of the Dungeon
  5324 | D:3      | Killed Sigmund
  5324 | D:3      | Reached skill level 4 in Unarmed Combat
  5324 | D:3      | Reached XP level 6. HP: 29/39 MP: 8/10
  5518 | D:3      | Acquired Makhleb's first power
  5658 | D:3      | Reached skill level 1 in Stealth
  5778 | D:3      | Noticed an ogre
  5791 | D:3      | Mangled by an ogre
